AoeStats
← _Orca_

Nomad

508547053Analyzed
2v2 RM · 9d ago on Sep 23, 2026· 29m 17s· 4 players
Game mode
Random Map
Map size
176×176
Population
200
Speed
Normal
Resources
Standard
Victory
Conquest
Starting age
Dark Age
Ending age
Imperial Age
RankedLock teamsTeams togetherTeam positionsShared explorationLock speedFull tech treeHidden civsTurbo modeCheats
Victory
Defeat
🇵🇪 Spanish · Peru
1369
+15
🇵🇪 Huns · Peru
1350
+16
🇧🇩 Varangians · Bangladesh
1392
-18
🇧🇷 Maya · Brazil
1299
-13
ELBO | Fantozzi
4:17 Loom
11:57 Feudal Age
17:29 Castle Age
16:13 Double-Bit Axe
17:41 Fletching
18:27 Bodkin Arrow
19:37 Padded Archer Armor
21:40 Bow Saw
21:37 Horse Collar
26:14 Heavy Plow
28:24 Wheelbarrow
29:27 Scale Barding Armor
ELBO | Dseko
3:46 Loom
12:52 Feudal Age
13:18 Double-Bit Axe
19:41 Castle Age
18:21 Stone Mining
18:28 Gold Mining
24:21 Medium Warships
24:56 Fletching
25:07 Padded Archer Armor
26:25 Bodkin Arrow
26:46 Leather Archer Armor
31:24 Imperial Age
Fpavoni
4:29 Loom
12:57 Feudal Age
18:17 Castle Age
16:40 Fletching
19:55 Bodkin Arrow
_Orca_
3:30 Loom
13:54 Feudal Age
14:59 Fishing Lines
21:00 Castle Age
20:18 Double-Bit Axe
20:15 Horse Collar
20:26 Gold Mining
22:01 Bow Saw
23:01 Wheelbarrow
22:13 Town Watch
23:37 Scale Barding Armor
25:33 Chain Barding Armor
Connection lost

Rejoining the realm…

Still unreachable

The connection could not be restored.

Session expired

The server has moved on; the page needs a fresh start.